 Dungeon Crawl Stone Soup version 0.26-a0-215-g1b87330c0f (webtiles) character file.

Game seed: 11375342418319028400

2464 BritishOli the Carver (level 9, -3/71 HPs)
             Began as a Demonspawn Gladiator on July 6, 2020.
             Was a Believer of Okawaru.
             Slain by a scorpion (6 damage)
             ... on level 7 of the Dungeon.
             The game lasted 00:12:32 (5637 turns).

BritishOli the Carver (Demonspawn Gladiator)        Turns: 5637, Time: 00:12:32

Health: -3/71      AC:  9    Str: 19    XL:     9   Next: 26%
Magic:  0/9        EV: 11    Int:  9    God:    Okawaru [**....]
Gold:   392        SH:  0    Dex: 14    Spells: 8/8 levels left

rFire    . . .     SeeInvis .   a - +0 long sword
rCold    + . .     Faith    .   (no shield)
rNeg     + . .     Spirit   +   l - +0 scale mail
rPois    .         Reflect  .   c - +0 helmet
rElec    .         Harm     .   s - +0 cloak {MR+}
rCorr    .                      (no gloves)
MR       +....                  (no boots)
Stlth    ..........             b - amulet of guardian spirit
HPRegen  0.21/turn              p - ring of positive energy
MPRegen  0.11/turn              w - ring of flight

@: lethally poisoned (-3 -> -6)
A: hooves 2, cold resistance 1, powered by pain 1
a: Heroism, Renounce Religion, Evoke Flight


You were on level 7 of the Dungeon.
You worshipped Okawaru.
Okawaru was pleased with you.
You were not hungry.

You visited 2 branches of the dungeon, and saw 8 of its levels.
You also visited: Ossuary.

You collected 392 gold pieces.

Inventory:

Hand Weapons
 a - a +0 long sword (weapon)
Missiles
 d - a throwing net
 F - 2 javelins (quivered)
 G - 4 boomerangs
Armour
 c - a +0 helmet (worn)
 l - a +0 scale mail (worn)
 s - a +0 cloak of magic resistance (worn)
Jewellery
 b - an amulet of guardian spirit (around neck)
 g - an uncursed amulet of regeneration
 p - a ring of positive energy (left hand)
 w - a ring of flight (right hand)
Wands
 x - a wand of random effects (14)
Scrolls
 e - 4 scrolls of teleportation {unknown}
 j - 2 scrolls of fear {unknown}
 k - 9 scrolls of identify {unknown}
 n - a scroll of magic mapping {unknown}
 t - 4 scrolls of remove curse {unknown}
 v - 2 scrolls of immolation {unknown}
 y - 3 scrolls of blinking {unknown}
 z - a scroll of enchant armour {unknown}
 C - 2 scrolls of enchant weapon {unknown}
 D - a scroll of torment {unknown}
Potions
 h - a potion of heal wounds
 i - a potion of ambrosia {unknown}
 m - 4 potions of curing
 o - a potion of degeneration {unknown}
 q - 2 potions of cancellation {unknown}
 r - 2 potions of lignification {unknown}
 u - a potion of haste {unknown}
 A - a potion of invisibility {unknown}
 B - a potion of flight {unknown}
 E - 2 potions of berserk rage {unknown}
Comestibles
 f - 5 rations


   Skills:
 + Level 6.5 Fighting
 * Level 8.5 Long Blades
 - Level 2.0 Throwing
 + Level 5.4 Armour
 - Level 3.1 Dodging


You had 8 spell levels left.
You didn't know any spells.
Your spell library contained the following spells:

 Spells                   Type           Power        Failure   Level
 Summon Small Mammal      Summ           #...         75%         1
 Call Imp                 Summ           #.......     86%         2
 Call Canine Familiar     Summ           #.......     98%         3
 Summon Guardian Golem    Hex/Summ       #.......     98%         3
 Summon Ice Beast         Ice/Summ       #.......     100%        4
 Summon Lightning Spire   Summ/Air       #.......     100%        4


Dungeon Overview and Level Annotations

Branches:
Dungeon (7/15)             Temple (1/1) D:4         Ossuary (visited)

Altars:
Ashenzari
Cheibriados
Dithmenos
Elyvilon
Fedhas
Gozag
Hepliaklqana
Kikubaaqudgha
Makhleb
Nemelex Xobeh
Okawaru
Qazlal
Ru
Sif Muna
Trog
Uskayaw
Vehumet
Wu Jian
Xom
Yredelemnul
Zin
The Shining One


Innate Abilities, Weirdness & Mutations

You have hoof-like feet.
Your flesh is cold resistant. (rC+)
You sometimes gain a little power by taking damage.


Message History

The scorpion barely misses you.
You closely miss the scorpion. Your kick misses the scorpion.
You feel sick. The scorpion stings you.
* * * LOW HITPOINT WARNING * * *
You hit the scorpion but do no damage.
You feel sick.
The scorpion stings you but does no damage.
You barely miss the scorpion. The scorpion closely misses you.
You hit the scorpion but do no damage. Your kick misses the scorpion.
You feel sick. The scorpion stings you!
* * * LOW HITPOINT WARNING * * *
You hit the scorpion but do no damage. You kick the scorpion.
The scorpion is moderately wounded.
* * * LOW HITPOINT WARNING * * *
You feel sick. The scorpion barely misses you.
You riposte.
You hit the scorpion.
The scorpion is moderately wounded.
You hit the scorpion. You kick the scorpion.
The scorpion is heavily wounded.
The scorpion stings you!
You die...

### #.# ##...
..#)###
#....###.#...#
.........###)#
.........# #.####
.........# #....#
.........# ####.#
.........######.#
.....<....s@....#
#........########
##########


You could see a scorpion.

Vanquished Creatures
  Grinder (D:4)
  Sigmund (D:3)
  2 water moccasins
  An orc warrior (D:7)
  3 ogres
  2 phantoms
  An elf zombie (Ossuary)
  2 bullfrogs
  2 scorpions
  A howler monkey (D:4)
  2 bullfrog zombies
  A human zombie (Ossuary)
  2 bullfrog skeletons (D:4)
  A gnoll shaman (D:6)
  3 orc priests (D:7)
  Crazy Yiuf (D:3)
  Terence (D:3)
  Jessica (D:2)
  An iguana (D:4)
  4 orc wizards (D:7)
  6 worker ants
  3 mummies
  A hound skeleton (D:7)
  4 adders
  13 gnolls
  2 shadow imps
  An adder zombie (Ossuary)
  An adder skeleton (D:6)
  8 worms
  2 dart slugs
  2 leopard geckos
  15 orcs
  13 bats
  2 giant cockroaches (D:4)
  2 gnoll zombies (D:3)
  4 hobgoblins
  11 jackals
  9 kobolds
  3 quokkas
  2 ball pythons
  7 frilled lizards
  A giant cockroach zombie (D:3)
  6 goblins
  3 goblin zombies (Ossuary)
  11 hobgoblin zombies (Ossuary)
  A jackal skeleton (D:7)
  A jackal zombie (Ossuary)
  12 kobold zombies (Ossuary)
  4 orc zombies (Ossuary)
  16 rats
  3 rat zombies (Ossuary)
202 creatures vanquished.

Notes
Turn   | Place    | Note
-------+----------+-------------------------------------------
     0 | D:1      | BritishOli the Demonspawn Gladiator began the quest for the
                  | Orb.
     0 | D:1      | Reached XP level 1. HP: 16/16 MP: 1/1
    34 | D:1      | Gained mutation: You have large cloven feet. [demonic
                  | ancestry]
    34 | D:1      | Reached XP level 2. HP: 17/22 MP: 2/2
   323 | D:1      | Reached skill level 3 in Long Blades
   580 | D:2      | Found a glowing golden altar of the Shining One.
   770 | D:2      | Gained mutation: Your flesh is cold resistant. (rC+)
                  | [demonic ancestry]
   770 | D:2      | Reached XP level 3. HP: 21/28 MP: 3/3
   885 | D:2      | Noticed Jessica
   887 | D:2      | Killed Jessica
   887 | D:2      | Reached skill level 1 in Armour
   887 | D:2      | Gained mutation: You sometimes gain a little power by
                  | taking damage. [demonic ancestry]
   887 | D:2      | Reached XP level 4. HP: 34/34 MP: 4/4
   904 | D:2      | Found a sacrificial altar of Ru.
   906 | D:2      | Found an ancient bone altar of Kikubaaqudgha.
   906 | D:2      | Found an opulent altar of Gozag.
   909 | D:2      | Found a sparkling altar of Nemelex Xobeh.
  1246 | D:3      | Noticed Sigmund
  1270 | D:3      | Killed Sigmund
  1270 | D:3      | Reached skill level 4 in Long Blades
  1270 | D:3      | Reached XP level 5. HP: 30/41 MP: 5/5
  1328 | D:3      | Reached XP level 6. HP: 47/47 MP: 6/6
  1369 | D:3      | Found a basalt altar of Yredelemnul.
  1697 | D:3      | Found a runed translucent door.
  1698 | D:3      | Noticed Crazy Yiuf
  1763 | D:3      | Noticed Terence
  1769 | D:3      | Killed Terence
  2101 | D:3      | Killed Crazy Yiuf
  2101 | D:3      | Reached skill level 5 in Long Blades
  2196 | D:4      | Noticed Grinder
  2202 | D:4      | Paralysed by Grinder for 6 turns
  2227 | D:4      | Paralysed by Grinder for 4 turns
  2231 | D:4      | Killed Grinder
  2231 | D:4      | Reached XP level 7. HP: 9/54 MP: 7/7
  2488 | D:4      | Reached skill level 6 in Long Blades
  2496 | D:4      | Found a staircase to the Ecumenical Temple.
  2503 | Temple   | Entered the Ecumenical Temple
  2734 | Temple   | Became a worshipper of Warmaster Okawaru
  2949 | D:4      | Found a burning altar of Makhleb.
  3063 | D:5      | Entered Level 5 of the Dungeon
  3135 | D:5      | Gained mutation: You have hoof-like feet. [demonic
                  | ancestry]
  3135 | D:5      | Reached XP level 8. HP: 3/61 MP: 8/8
  3135 | D:5      | HP: 1/61 [poisoned by a water moccasin]
  3271 | D:5      | Reached skill level 5 in Fighting
  3665 | D:5      | Found a snail-covered altar of Cheibriados.
  3768 | D:6      | Reached * piety under Okawaru
  3770 | D:6      | Reached skill level 7 in Long Blades
  4683 | D:7      | Reached ** piety under Okawaru
  4683 | D:7      | Reached skill level 5 in Armour
  4698 | D:7      | Found a sand-covered staircase.
  4704 | Ossuary  | Entered an ossuary
  4905 | Ossuary  | Reached skill level 8 in Long Blades
  4905 | Ossuary  | Reached XP level 9. HP: 34/69 MP: 9/9
  5635 | D:7      | HP: 3/71 [scorpion (6)]
  5637 | D:7      | Slain by a scorpion

Illustrated notes

Levels and vault maps discovered:
D:1:      mrwooster_arrival_statue, layout_rooms, st_stairs_11
D:2:      layout_rooms, grunt_temple_overflow_open, serial_glass,
          glass_columns_a, glass_columns_a, hangedman_glass_teeth,
          grunt_decor_mini_mirrors, grunt_ministairs_12,
          nicolae_tso_carved_into_rock, uniq_jessica
D:3:      layout_basic, lemuel_zombie_altar_yredelemnul, first_ration,
          uniq_sigmund, uniq_crazy_yiuf_cottage, uniq_terence
D:4:      layout_rooms, marbit_many_paths, minmay_temple_entry_drinking_statues,
          uniq_grinder
D:5:      layout_cave_pools, minmay_strange_pillars, chei_slow_surprise
D:6:      layout_rooms
D:7:      layout_basic, serial_shops, shop, lightli_ossuary_entry_decrepit_ruins
Temple:   nicolae_temple_elliptical

Skill      XL: |  1  2  3  4  5  6  7  8 |
---------------+-------------------------+-----
Throwing       | 2 |  2.0
Long Blades    | 3 4 5 6 8 |  8.5
Dodging        | 3 |  3.1
Armour         | 1 2 3 5 |  5.4
Fighting       | 3 4 6 |  6.5

Action                   |  1- 3 |  4- 6 |  7- 9 || total
-------------------------+-------+-------+-------++-------
Melee: Long sword        |    85 |   157 |   409 ||   651
       Kick              |    23 |    54 |   141 ||   218
Throw: Throwing net      |       |     4 |       ||     4
  Use: Potion            |       |       |     2 ||     2
 Stab: Held in net/web   |       |     1 |       ||     1
  Eat: Ration            |       |     2 |     3 ||     5
Armor: Leather armour    |    50 |       |       ||    50
       Scale mail        |       |    42 |   150 ||   192
Dodge: Dodged            |    79 |    98 |   205 ||   382
       Rpst.: Long sword |    29 |    36 |    73 ||   138

Table legend:
 A = Non-vault XP
 B = Vault XP
 C = Vault XP percentage of total XP
 D = Non-vault monster count
 E = Vault monster count
 F = Vault count percentage of total count
                 A         B        C        D         E       F
            +---------+---------+-------+---------+---------+-------
      Total |    2620 |     900 |  25.6 |     148 |      54 |  26.7
            +---------+---------+-------+---------+---------+-------
        D:1 |      22 |       7 |  24.1 |      15 |       5 |  25.0
        D:2 |      61 |      43 |  41.3 |      25 |       3 |  10.7
        D:3 |     138 |     324 |  70.1 |      35 |       5 |  12.5
        D:4 |     359 |     290 |  44.7 |      15 |       1 |   6.2
        D:5 |     370 |      21 |   5.4 |      10 |       1 |   9.1
        D:6 |     623 |       0 |   0.0 |      20 |       0 |   0.0
        D:7 |    1011 |       0 |   0.0 |      27 |       0 |   0.0
     Temple |      36 |       0 |   0.0 |       1 |       0 |   0.0
    Ossuary |       0 |     215 | 100.0 |       0 |      39 | 100.0
            +---------+---------+-------+---------+---------+-------
